 Dungeon Crawl Stone Soup version 0.31-a0-1611-g890cdf5628 (webtiles) character file.

Game seed: 2221013426832965477

105726 Xavori the Nimble (level 16, -7/118 HPs)
             Began as a Djinni Chaos Knight on Jan 8, 2024.
             Was a Plaything of Xom.
             Mangled by an alligator (18 damage)
             ... on level 2 of the Swamp.
             The game lasted 00:41:09 (21953 turns).

Xavori the Nimble (Djinni Chaos Knight)            Turns: 21953, Time: 00:41:10

Health: -7/118     AC: 18    Str: 21    XL:     16   Next: 96%
Gold:   2333       EV: 19    Int: 16    God:    Xom [......] SH:  6 Dex: 18

rFire   + + +        j - +11 Singing Sword {sonic wave}
rCold   . . .        b - +0 buckler
rNeg    . . .        t - +2 acid dragon scales
rPois   ∞            (helmet restricted)
rElec   +            F - scarf "Vabul" {repulsion, Str+2 Int+5}
rCorr   +            p - +0 pair of gloves
SInv    .            (boots unavailable)
Will    +....        i - amulet of regeneration
Stlth   +            k - +4 ring of protection
HPRegen 1.19/turn    l - ring of protection from cold
MPRegen 0.00/turn

%: repel missiles, infuse magic (-8 HP)
@: cleaving, flying, studying 3 skills
A: sickness immunity, fire resistance 3, cold vulnerability 1, float, innate
caster, HP casting, extra vitality 1, horns 1, iridescent scales 1, dopey 1,
passive freeze, electricity resistance, strong 2
a: Renounce Religion


You were on level 2 of the Swamp.
You worshipped Xom.
You were a very special plaything of Xom.
You visited 4 branches of the dungeon, and saw 24 of its levels.
You visited 1 bazaar.

You collected 2377 gold pieces.
You spent 44 gold pieces at shops.

Inventory:

Hand Weapons
 a - a +0 falchion of chaos
 j - the +11 Singing Sword (weapon) {sonic wave}
   (You acquired it on level 9 of the Dungeon)
 B - a +0 falchion of holy wrath
Missiles
 I - 3 throwing nets (quivered)
Armour
 b - a +0 buckler (worn)
 p - a +0 pair of gloves (worn)
 t - +2 acid dragon scales (worn)
 x - a +0 cloak
 F - the scarf "Vabul" (worn) {repulsion, Str+2 Int+5}
   (You found it on level 1 of the Swamp)

   Str+2:     It affects your strength (+2).
   Int+5:     It affects your intelligence (+5).
 V - the +7 scale mail of Ruosiur {Will+ Int+2 Stlth-}
   (You found it on level 2 of the Lair of Beasts)

   Int+2:     It affects your intelligence (+2).
   Will+:     It increases your willpower.
   Stlth-:    It makes you less stealthy.
Jewellery
 f - a +4 ring of protection
 i - an amulet of regeneration (around neck)
 k - a +4 ring of protection (left hand)
 l - a ring of protection from cold (right hand)
 G - a ring of ice
 Q - a ring of protection from fire
 Y - a +5 ring of evasion
Wands
 s - a wand of quicksilver (5)
 y - a wand of polymorph (14)
 z - a wand of mindburst (12)
 L - a wand of charming (27)
 M - a wand of roots (29)
 O - a wand of flame (66)
Scrolls
 c - a scroll of butterflies
 d - 4 scrolls of brand weapon
 h - 9 scrolls of teleportation
 m - 5 scrolls of blinking
 o - 4 scrolls of revelation
 A - 4 scrolls of enchant armour
 C - 3 scrolls of poison
 D - a scroll of immolation
 J - 2 scrolls of fog {unknown}
 K - a scroll of vulnerability
 P - a scroll of identify
 R - a scroll of enchant weapon
 U - a scroll of summoning {unknown}
 X - 3 scrolls of silence {unknown}
Potions
 e - 3 potions of attraction {unknown}
 g - 9 potions of curing
 n - 3 potions of brilliance
 q - 2 potions of enlightenment {unknown}
 r - 2 potions of might {unknown}
 u - 2 potions of mutation {unknown}
 v - 2 potions of cancellation {unknown}
 w - 2 potions of berserk rage
 H - 5 potions of lignification
 N - 2 potions of invisibility
 S - a potion of magic {unknown}
 W - 3 potions of ambrosia
 Z - a potion of haste {unknown}
Miscellaneous
 T - a condenser vane


   Skills:
 + Level 11.9 Fighting
 + Level 11.0 Long Blades
 + Level 11.9 Armour
 + Level 12.7 Dodging
 * Level 7.4 Shields
 * Level 12.3 Spellcasting
 * Level 12.3 Conjurations
 * Level 12.3 Hexes
 * Level 12.3 Summonings
 * Level 12.3 Necromancy
 * Level 12.3 Translocations
 * Level 12.3 Fire Magic
 * Level 12.3 Ice Magic
 * Level 12.3 Air Magic
 * Level 12.3 Earth Magic
 * Level 12.3 Alchemy
 + Level 9.0 Evocations


You knew the following spells:

 Your Spells              Type           Power      Damage    Failure   Level
a - Foxfire               Conj/Fire      100%       2x1d9     1%          1
b - Jinxbite              Hex            98%        N/A       1%          2
c - Mephitic Cloud        Conj/Alch/Air  49%        N/A       1%          3
d - Cause Fear            Hex            24%        N/A       1%          4
e - Summon Lightning Spi  Summ/Air       49%        N/A       1%          4
f - Fireball              Conj/Fire      24%        3d11      1%          5
g - Starburst             Conj/Fire      24%        6d8       10%         6
Your spell library was empty.

Dungeon Overview and Level Annotations

Branches:
Dungeon (15/15)            Temple (0/1) D:6            Lair (5/5) D:11
  Swamp (2/4) Lair:2        Snake (0/4) Lair:2        Slime (0/5) Lair:5
    Orc (2/2) D:11            Elf (0/3) Orc:2        Vaults (0/5) D:13
 Depths (0/4) D:15

Altars:
Ashenzari
Cheibriados
Fedhas
Makhleb
Nemelex Xobeh
Qazlal
Uskayaw
Wu Jian
Xom
Zin
Jiyva

Shops:
D:8 [   Orc:2 (::*

Portals:
Trove: D:14 (give +6 demon trident)

Annotations:
D:4 Edmund
D:11 3 runed translucent doors, variable76's ghost, journeyman MiFi
D:13 3 runed translucent doors, Newt's ghost, journeyman MfGl
Swamp:1 1 runed translucent door, mooti9's ghost, adept VSBr


Innate Abilities, Weirdness & Mutations

You are immune to sickness and miasma.
You are immune to poison.
Your flesh is almost immune to the effects of heat. (rF+++)
You are vulnerable to cold. (rC-)
You float through the air rather than walking.
You learn spells naturally, not from books.
Your magical power is your life essence.
You have superior vitality. (+4 MHP)
You have a pair of small horns on your head.
You are partially covered in iridescent scales. (AC +2)
You are dopey. (Int -2)
A frigid envelope surrounds you and freezes all who hurt you.
You are resistant to electric shocks. (rElec)
Your muscles are very strong. (Str +8, Int/Dex -2)


Message History

* * * LOW HITPOINT WARNING * * *
You are splashed with acid.
You resist.
* * * LOW HITPOINT WARNING * * *
The goliath frog attacks as it pursues you!
The goliath frog closely misses you. The goliath frog hits you from afar!!
* * * LOW HITPOINT WARNING * * *
You are splashed with acid.
You resist.
* * * LOW HITPOINT WARNING * * *
The thorn hunter gestures.
Thorny briars emerge from the ground!
The goliath frog attacks as it pursues you!
The goliath frog completely misses you.
Your surroundings suddenly seem different.
An alligator comes into view.
Found a wand of charming (7).
Xom roars with laughter!
Casting: Mephitic Cloud (safe; 1% risk of failure)
Confirm with . or Enter, or press ? or * to list all spells.
Aiming: Mephitic Cloud (safe; 1% risk of failure)
Press: ? - help, Shift-Dir - straight line, f - alligator
Aim: an alligator (wandering, hasn't noticed you, chance to affect: 43%)
The ball explodes into a vile cloud!
The stinking cloud engulfs the alligator.
* * * LOW HITPOINT WARNING * * *
You hear a shout!
The alligator is engulfed in noxious fumes.
The alligator appears confused.
You hit the alligator.
The Singing Sword repeatedly practises the high pitch.
You send a blast of sound all around you.
The alligator is moderately wounded. x2
The alligator is engulfed in noxious fumes.
A spriggan druid comes into view. It is wielding a +0 quarterstaff.
Unknown command.
Unknown command.
You slice the alligator!!
The alligator is severely wounded.
The alligator barely misses you. The alligator bites you!!
You die...
Xom is highly amused!

~♣♣♣♣♣...~.♣ .♣
♣....♣♣≈≈§..♣≈≈.~♣♣ .♣
♣.~~~♣♣≈≈~~.≈♣≈≈≈..~ ~.
...~~.♣♣≈≈≈.♣≈≈≈≈≈~~.
~♣.......♣≈≈/≈.~≈≈≈≈≈≈~.
.♣♣~.~~... ≈≈.≈≈≈≈≈≈≈≈~.
.. .≈≈♣§.§≈≈≈≈≈≈≈§
.≈≈.§§≈...§.≈≈.
♣☼§§@≈..♣
♣≈≈~..l.≈~.~≈≈§
~≈≈≈≈.~≈≈≈.~≈≈i
..≈≈≈≈≈≈≈..≈≈≈.
..≈≈≈≈≈≈♣..~≈≈.
.~♣≈≈≈≈...~≈≈.~ ~
♣≈≈≈≈≈.♣♣≈≈.♣ ♣♣≈≈..~
≈~.~


You could see an alligator (confused) and a spriggan druid.

Vanquished Creatures
  A broodmother (Orc:1)
  2 eleionomae (Swamp:1)
  A bunyip (Swamp:2)
  Snorg (Orc:2)
  A yaktaur captain (D:13)
  7 hydras
  6 centaur warriors
  Erica (D:8)
  3 catoblepae
  5 boulder beetles
  7 alligators
  3 two-headed ogres
  9 death yaks
  2 tengu warriors
  3 orc high priests (Orc:2)
  2 skysharks
  A goliath frog (Swamp:1)
  3 spriggan druids
  An arcanist (D:15)
  4 swamp dragons
  3 bog bodies
  4 deep elf pyromancers
  6 orc knights
  4 orc sorcerers (Orc:2)
  5 cyclopes
  A salamander (Lair:2)
  An oklob plant (D:11)
  8 manticores
  A moth of wrath (Lair:3)
  6 elephants
  8 ugly things
  3 kobold blastminers (Orc:2)
  Maurice (D:12)
  4 black mambas
  6 gargoyles
  13 cane toads
  A torpor snail (Lair:2)
  3 yaktaurs (D:13)
  3 rime drakes
  A kobold demonologist (D:10)
  5 komodo dragons
  A guardian mummy (D:14)
  2 tengu conjurers
  11 trolls
  A wandering mushroom (D:11)
  A queen bee (Lair:2)
  3 hornets
  2 polar bears (Lair:3)
  7 dream sheep (Lair:4)
  5 tyrant leeches
  A tarantella (D:14)
  13 blink frogs
  A centaur simulacrum (D:15)
  8 slime creatures
  4 spriggans
  6 wyverns
  A water elemental (D:13)
  3 wraiths
  61 yaks
  10 basilisks
  4 redbacks (D:14)
  11 vampire mosquitoes
  A steam dragon (D:7)
  A warg (Orc:2)
  7 swamp worms
  20 water moccasins
  6 acid dragons
  25 orc warriors
  2 black bears
  2 ice beasts
  A swamp drake (Swamp:1)
  A wolf (shapeshifter) (D:13)
  4 ogres
  6 wolves (Lair:2)
  4 centaurs
  4 phantoms
  3 kobold brigands
  13 bullfrogs
  2 gnoll sergeants
  2 scorpions
  31 killer bees
  5 wights (D:8)
  3 howler monkeys
  An electric eel (D:13)
  3 lava snakes (Lair:2)
  A crimson imp (D:10)
  6 jellies
  Crazy Yiuf (D:4)
  16 orc priests
  3 hounds
  A sleepcap (D:6)
  An iguana (D:4)
  Natasha (thrice) (D:4)
  25 orc wizards
  Robin (D:4)
  17 gnolls
  7 adders
  A shadow imp (D:5)
  2 white imps
  3 ufetubi
  6 dart slugs
  2 ribbon worms
  69 orcs
  8 endoplasms
  3 giant cockroaches
  20 goblins
  7 hobgoblins
  3 jackals (D:2)
  A quokka (D:1)
  7 ball pythons
  10 bats
  8 frilled lizards
  23 kobolds
  2 rats
710 creatures vanquished.

Vanquished Creatures (collateral kills)
  A boulder beetle (D:11)
  A will-o-the-wisp (Swamp:2)
  A gargoyle (D:9)
  2 yaks (Lair:1)
  A bullfrog (D:6)
  A howler monkey (D:8)
  An orc (D:8)
8 creatures vanquished.

Vanquished Creatures (others)
  An eldritch tentacle (D:11)
  A bloated husk (Swamp:1)
  A hornet (Swamp:1)
  A blink frog (Lair:5)
  A wyvern (Lair:5)
  An orc warrior (Orc:2)
  A bullfrog (D:7)
  An orc wizard (D:7)
  An ufetubus (D:7)
  2 orcs (Orc:2)
  A goblin (D:3)
  A hobgoblin zombie (D:3)
  A kobold (D:7)
  An orc zombie (D:5)
  5 foxfires (Swamp:2)
20 creatures vanquished.

Grand Total: 738 creatures vanquished

Notes
Turn   | Place    | Note
-------+----------+-------------------------------------------
     0 | D:1      | Xavori the Djinni Chaos Knight began the quest for the Orb.
     0 | D:1      | Reached XP level 1. HP: 20/20 MP: 0/0
   161 | D:1      | Reached XP level 2. HP: 25/25 MP: 0/0
   181 | D:1      | XOM: divination: magic mapping
   420 | D:1      | Reached XP level 3. HP: 30/30 MP: 0/0
   420 | D:1      | Learned a level 1 spell: Foxfire
   517 | D:1      | XOM: silly message
   672 | D:2      | Reached skill level 1 in Spellcasting
   672 | D:2      | Reached skill level 1 in Conjurations
   672 | D:2      | Reached skill level 1 in Hexes
   672 | D:2      | Reached skill level 1 in Summonings
   672 | D:2      | Reached skill level 1 in Necromancy
   672 | D:2      | Reached skill level 1 in Translocations
   672 | D:2      | Reached skill level 1 in Fire Magic
   672 | D:2      | Reached skill level 1 in Ice Magic
   672 | D:2      | Reached skill level 1 in Air Magic
   672 | D:2      | Reached skill level 1 in Earth Magic
   672 | D:2      | Reached skill level 1 in Alchemy
   980 | D:1      | XOM: silly message
  1524 | D:1      | XOM: divination: detect items
  2053 | D:1      | XOM: cloud trail
  2508 | D:1      | XOM: give mutations
  2508 | D:1      | Gained mutation: You are partially covered in iridescent
                  | scales. (AC +2) [Xom's grace]
  2508 | D:1      | Gained mutation: You possess an exceptional clarity of
                  | mind. [Xom's grace]
  2508 | D:1      | Gained mutation: You are mostly covered in iridescent
                  | scales. (AC +4) [Xom's grace]
  3540 | D:2      | XOM is BORED!
  3540 | D:2      | XOM: 1-stop teleportation journey
  3557 | D:2      | Reached XP level 4. HP: 31/35 MP: 0/0
  3636 | D:2      | XOM: 6-stop teleportation journey
  4339 | D:3      | Found a hide-covered altar of Uskayaw.
  4585 | D:3      | XOM: polymorph rat -> giant cockroach
  4621 | D:3      | Reached XP level 5. HP: 40/40 MP: 0/0
  4621 | D:3      | Learned a level 2 spell: Jinxbite
  4637 | D:3      | Found a faded altar of an unknown god.
  4754 | D:3      | XOM: 2-stop teleportation journey
  4961 | D:3      | Noticed an ogre
  5006 | D:3      | XOM: silly message
  5031 | D:4      | Noticed Robin
  5063 | D:3      | XOM: potion effect (invisibility)
  5074 | D:3      | Killed an ogre
  5075 | D:3      | Reached XP level 6. HP: 47/47 MP: 0/0
  5135 | D:4      | XOM: divination: detect creatures
  5138 | D:4      | Killed Robin
  5157 | D:4      | XOM: potion effect (brilliance)
  5160 | D:4      | XOM: noise
  5168 | D:4      | Noticed Edmund
  5230 | D:4      | Noticed a yak
  5239 | D:3      | a gnoll bouda changed into a water moccasin
  5239 | D:3      | Noticed a water moccasin
  5239 | D:3      | XOM: polymorph gnoll bouda -> water moccasin
  5246 | D:3      | Killed a water moccasin
  5247 | D:3      | Reached XP level 7. HP: 52/52 MP: 0/0
  5247 | D:3      | Learned a level 3 spell: Mephitic Cloud
  5286 | D:3      | Killed a yak
  5310 | D:4      | XOM: cast spell 'Dispersal'
  5462 | D:4      | Noticed Natasha
  5471 | D:4      | Killed Natasha
  5472 | D:4      | Reached XP level 8. HP: 48/58 MP: 0/0
  5507 | D:4      | Noticed Natasha
  5525 | D:4      | Killed Natasha
  5684 | D:4      | Found a glowing silver altar of Zin.
  5785 | D:4      | Found a runed translucent door.
  5796 | D:4      | Noticed Crazy Yiuf
  5806 | D:4      | Killed Crazy Yiuf
  5821 | D:4      | Identified the +5 hammer of the Vestibule of Hell {distort,
                  | MP+9}
  5887 | D:4      | Noticed Natasha
  5895 | D:4      | Killed Natasha
  5919 | D:5      | Entered Level 5 of the Dungeon
  6039 | D:5      | XOM: confuse monster(s)
  6042 | D:5      | XOM: enchant monster (bad)
  6057 | D:5      | XOM: smoke on damage
  6157 | D:5      | XOM: divination: detect creatures
  6373 | D:6      | Reached skill level 5 in Fighting
  6388 | D:6      | XOM: give mutations
  6388 | D:6      | Lost mutation: You possess an exceptional clarity of mind.
                  | [Xom's mischief]
  6388 | D:6      | Gained mutation: You are robust. (+10% HP) [Xom's mischief]
  6388 | D:6      | Gained mutation: Potions are less effective at restoring
                  | your health. [Xom's mischief]
  6451 | D:6      | XOM: swap monsters
  6461 | D:6      | Reached skill level 5 in Dodging
  6461 | D:6      | Reached XP level 9. HP: 71/71 MP: 0/0
  6461 | D:6      | Learned a level 4 spell: Cause Fear
  6624 | D:6      | XOM: give mutation
  6624 | D:6      | Lost mutation: You are robust. (+10% HP) [Xom's mischief]
  6697 | D:6      | Found a staircase to the Ecumenical Temple.
  6702 | D:6      | XOM: divination: detect items
  6723 | D:6      | XOM: potion effect (curing)
  6729 | D:6      | Reached skill level 5 in Spellcasting
  6729 | D:6      | Reached skill level 5 in Conjurations
  6729 | D:6      | Reached skill level 5 in Hexes
  6729 | D:6      | Reached skill level 5 in Summonings
  6729 | D:6      | Reached skill level 5 in Necromancy
  6729 | D:6      | Reached skill level 5 in Translocations
  6729 | D:6      | Reached skill level 5 in Fire Magic
  6729 | D:6      | Reached skill level 5 in Ice Magic
  6729 | D:6      | Reached skill level 5 in Air Magic
  6729 | D:6      | Reached skill level 5 in Earth Magic
  6729 | D:6      | Reached skill level 5 in Alchemy
  6757 | D:6      | XOM: give mutations
  6757 | D:6      | Lost mutation: Potions are less effective at restoring your
                  | health. [Xom's mischief]
  6757 | D:6      | Lost mutation: You are mostly covered in iridescent scales.
                  | (AC +4) [Xom's mischief]
  6757 | D:6      | Gained mutation: Your health recovers twice as slowly from
                  | being drained. [Xom's mischief]
  6757 | D:6      | Gained mutation: Your muscles are strong. (Str +4, Int/Dex
                  | -1) [Xom's mischief]
  6846 | D:6      | XOM: silly message
  6853 | D:6      | Reached skill level 5 in Long Blades
  7085 | D:6      | XOM: smoke on damage
  7099 | D:6      | XOM: cleaving
  7124 | D:7      | XOM: fog
  7168 | D:7      | XOM: butterfly on damage
  7176 | D:7      | XOM: swap monsters
  7231 | D:7      | Reached skill level 5 in Armour
  7270 | D:7      | XOM: summons 3 hostile demons
  7271 | D:7      | Noticed an orange demon
  7272 | D:7      | XOM: divine lightning
  7491 | D:7      | Found an ornate altar of the Wu Jian Council.
  7492 | D:7      | Found a broken altar of Ashenzari.
  7496 | D:7      | Found a blossoming altar of Fedhas.
  7584 | D:7      | XOM: 8-stop teleportation journey
  7676 | D:7      | Reached XP level 10. HP: 69/72 MP: 0/0
  7816 | D:8      | Noticed Erica
  7816 | D:8      | XOM: cloud trail
  7822 | D:8      | XOM: scenery: summon butterflies
  7824 | D:8      | XOM: summons 2 friendly demons
  7829 | D:8      | Killed Erica
  7879 | D:8      | XOM: give mutations
  7879 | D:8      | Gained mutation: You possess an exceptional clarity of
                  | mind. [Xom's grace]
  7879 | D:8      | Gained mutation: You expend health (3 HP) to strengthen
                  | your wands. [Xom's grace]
  7879 | D:8      | Gained mutation: Your muscles are very strong. (Str +8,
                  | Int/Dex -2) [Xom's grace]
  7954 | D:8      | XOM: cast spell 'Dispersal'
  7958 | D:8      | XOM: enchant monster (good)
  7979 | D:8      | XOM: scenery: create altars
  8088 | D:8      | XOM: give mutation
  8088 | D:8      | Gained mutation: A frigid envelope surrounds you and
                  | freezes all who hurt you. [Xom's mischief]
  8167 | D:8      | Found Kerchaohae's Armour Shoppe.
  8202 | D:8      | XOM: confuse monster(s)
  8204 | D:8      | XOM: summons friendly quasit
  8534 | D:8      | XOM: enchant monster (good)
  8681 | D:9      | Identified a scroll of acquirement
  8681 | D:9      | Acquired the +11 Singing Sword {sonic wave}
  8681 | D:9      | Found the +11 Singing Sword {sonic wave}
  8723 | D:9      | XOM: 2-stop teleportation journey
  8749 | D:9      | Noticed a cyclops
  8750 | D:9      | Noticed a gargoyle
  8780 | D:9      | Killed a cyclops
  8853 | D:9      | XOM: god gift: 5 stones
  8864 | D:9      | Reached XP level 11. HP: 79/79 MP: 0/0
  8864 | D:9      | Learned a level 4 spell: Summon Lightning Spire
  8937 | D:9      | Noticed a boulder beetle
  8953 | D:9      | Killed a boulder beetle
  9079 | D:9      | XOM: summons 2 friendly demons
  9136 | D:9      | Found a snail-covered altar of Cheibriados.
  9334 | D:9      | Noticed a centaur warrior
  9341 | D:9      | XOM: give mutation
  9341 | D:9      | Lost mutation: Your health recovers twice as slowly from
                  | being drained. [Xom's mischief]
  9341 | D:9      | Killed a centaur warrior
  9414 | D:9      | Noticed a centaur warrior
  9414 | D:9      | XOM: chaos upgrade
  9418 | D:9      | XOM: enchant monster (bad)
  9421 | D:9      | Killed a centaur warrior
  9653 | D:10     | Entered Level 10 of the Dungeon
  9713 | D:10     | Found a burning altar of Makhleb.
  9820 | D:10     | XOM: stat loss: -1 Str (18/19)
  9899 | D:10     | XOM: noise
 10153 | D:10     | Noticed a boulder beetle
 10157 | D:10     | XOM: chaos cloud
 10160 | D:10     | XOM: chaos cloud
 10411 | D:11     | Noticed a boulder beetle
 10412 | D:11     | XOM: cast spell 'Malign Gateway'
 10418 | D:11     | Killed a boulder beetle
 10483 | D:11     | Found a stormy altar of Qazlal.
 10554 | D:11     | Found a runed translucent gate.
 10554 | D:11     | Found a runed translucent gate.
 10554 | D:11     | Found a runed translucent gate.
 10557 | D:11     | Noticed variable76's ghost (journeyman MiFi)
 10558 | D:11     | Noticed a great orb of eyes
 10565 | D:11     | Noticed an oklob plant
 10565 | D:11     | an oklob plant changed into a wandering mushroom
 10565 | D:11     | XOM: polymorph oklob plant -> wandering mushroom
 10566 | D:11     | Noticed an oklob plant
 10597 | D:11     | Reached XP level 12. HP: 86/86 MP: 0/0
 10818 | D:11     | Identified the +0 chain mail of Recklessness {rPois rF+
                  | Will- Str+5}
 11100 | D:11     | Reached skill level 1 in Evocations
 11231 | D:11     | XOM: summons 3 hostile shadow creatures
 11232 | D:11     | Noticed a two-headed ogre
 11326 | D:11     | Found a staircase to the Lair.
 11415 | D:11     | XOM: noise
 11441 | D:11     | Found a staircase to the Orcish Mines.
 11481 | D:11     | XOM: give mutations
 11481 | D:11     | Lost mutation: You possess an exceptional clarity of mind.
                  | [Xom's mischief]
 11481 | D:11     | Gained mutation: You passively dampen the noise of your
                  | surroundings. [Xom's mischief]
 11564 | D:11     | Found a viscous altar of Jiyva.
 11630 | Lair:1   | Entered Level 1 of the Lair of Beasts
 11677 | Lair:1   | XOM: stat loss: -1 Dex (15/16)
 11720 | Lair:1   | XOM: confusion
 11734 | Lair:1   | XOM: summons friendly quasit
 11784 | Lair:1   | XOM: summons 7 hostile demons
 11785 | Lair:1   | XOM: swap monsters
 11788 | Lair:1   | XOM: confusion
 11795 | Lair:1   | XOM: enchant monster (bad)
 11799 | Lair:1   | XOM: confusion
 11858 | Lair:1   | XOM is BORED!
 12092 | Lair:1   | XOM: noise
 12350 | Lair:1   | XOM: summons 2 hostile demons
 12380 | Lair:1   | XOM: torment (45/88 hp)
 12462 | Lair:2   | Reached XP level 13. HP: 94/94 MP: 0/0
 12462 | Lair:2   | Learned a level 5 spell: Fireball
 12515 | Lair:2   | XOM: stat loss: -1 Int (11/12)
 12535 | Lair:2   | Identified the +7 scale mail of Ruosiur {Will+ Int+2
                  | Stlth-}
 12544 | Lair:2   | Found a staircase to the Swamp.
 12545 | Lair:2   | XOM: 2-stop teleportation journey
 12707 | Lair:2   | XOM: 2-stop teleportation journey
 12727 | Lair:2   | Noticed a six-headed hydra
 12730 | Lair:2   | Killed an eight-headed hydra
 12744 | Lair:2   | Noticed a five-headed hydra
 12748 | Lair:2   | Killed a seven-headed hydra
 12749 | Lair:2   | Reached skill level 10 in Dodging
 12870 | Lair:2   | Reached skill level 5 in Evocations
 12992 | Lair:2   | XOM: summons 3 hostile shadow creatures
 13269 | Lair:2   | Reached skill level 10 in Spellcasting
 13269 | Lair:2   | Reached skill level 10 in Conjurations
 13269 | Lair:2   | Reached skill level 10 in Hexes
 13269 | Lair:2   | Reached skill level 10 in Summonings
 13269 | Lair:2   | Reached skill level 10 in Necromancy
 13269 | Lair:2   | Reached skill level 10 in Translocations
 13269 | Lair:2   | Reached skill level 10 in Fire Magic
 13269 | Lair:2   | Reached skill level 10 in Ice Magic
 13269 | Lair:2   | Reached skill level 10 in Air Magic
 13269 | Lair:2   | Reached skill level 10 in Earth Magic
 13269 | Lair:2   | Reached skill level 10 in Alchemy
 13523 | Lair:2   | Found a staircase to the Snake Pit.
 13526 | Lair:2   | XOM: swap monsters
 13626 | Lair:3   | XOM: summons friendly white imp
 13738 | Lair:3   | XOM: confusion (+ monsters)
 13748 | Lair:3   | Reached XP level 14. HP: 82/102 MP: 0/0
 13830 | Lair:3   | XOM: polymorph basilisk -> moth of wrath
 13870 | Lair:3   | XOM: cloud trail
 14014 | Lair:3   | Found a sparkling altar of Nemelex Xobeh.
 14408 | Lair:4   | Reached skill level 10 in Fighting
 14419 | Lair:4   | Acquired a manual of Shields
 14516 | Lair:4   | XOM: 1-stop teleportation journey
 14697 | Lair:4   | Identified the +0 robe "Xuxyenoz" {rF+ Will+ Int+2 Stlth+}
 14804 | Lair:5   | XOM: stealth player
 14804 | Lair:5   | Entered Level 5 of the Lair of Beasts
 14808 | Lair:5   | XOM: divine lightning
 14874 | Lair:5   | XOM: summons 14 friendly demons
 14969 | Lair:5   | Found a staircase to the Slime Pits.
 14988 | Lair:5   | Found a viscous altar of Jiyva.
 15275 | Lair:5   | XOM: polymorph catoblepas -> manticore
 15279 | Lair:5   | Reached skill level 10 in Armour
 15327 | Lair:5   | XOM: summons friendly quasit
 15335 | Lair:5   | XOM: enchant monster (good)
 15351 | Lair:5   | XOM: potion effect (brilliance)
 15460 | Lair:5   | XOM: destruction
 15487 | Lair:5   | XOM: cleaving
 15495 | Lair:5   | Reached XP level 15. HP: 74/109 MP: 0/0
 15495 | Lair:5   | Learned a level 6 spell: Starburst
 15588 | Lair:5   | XOM: god gift: club {god gift}
 15849 | Orc:1    | Entered Level 1 of the Orcish Mines
 15887 | Orc:1    | Noticed Jorgrun
 15892 | Orc:1    | XOM: fog
 15893 | Orc:1    | XOM: scenery: summon butterflies
 15894 | Orc:1    | Jorgrun changed into Jorgrun the glass eye
 15894 | Orc:1    | Noticed Jorgrun
 15894 | Orc:1    | XOM: polymorph Jorgrun -> Jorgrun the glass eye
 15895 | Orc:1    | Jorgrun the glass eye changed into Jorgrun the broodmother
 15895 | Orc:1    | Noticed Jorgrun
 15895 | Orc:1    | XOM: polymorph Jorgrun the glass eye -> Jorgrun the
                  | broodmother
 15910 | Orc:1    | Killed Jorgrun the broodmother
 15977 | Orc:1    | XOM: 5-stop teleportation journey
 16018 | Orc:2    | Entered Level 2 of the Orcish Mines
 16022 | Orc:2    | XOM: destruction
 16063 | Orc:2    | Noticed Snorg
 16065 | Orc:2    | Found a staircase to the Elven Halls.
 16065 | Orc:2    | XOM: 6-stop teleportation journey
 16073 | Orc:2    | XOM: give mutations
 16073 | Orc:2    | Lost mutation: You passively dampen the noise of your
                  | surroundings. [Xom's mischief]
 16090 | Orc:2    | Killed Snorg
 16127 | Orc:2    | Found a flickering gateway to a bazaar.
 16142 | Orc:2    | XOM: cleaving
 16225 | Bazaar   | Entered a bazaar
 16229 | Bazaar   | Found Bayf's Antique Weapon Boutique.
 16246 | Bazaar   | Found Yrphyssuth's Antique Weapon Emporium.
 16271 | Bazaar   | Found Egywk's Jewellery Boutique.
 16291 | Bazaar   | Found Meas's Weapon Shoppe.
 16585 | Orc:2    | XOM: swap monsters
 16589 | Orc:2    | Reached skill level 10 in Long Blades
 16595 | Orc:2    | XOM: cleaving
 16679 | Orc:2    | XOM: give mutations
 16679 | Orc:2    | Lost mutation: You expend health (3 HP) to strengthen your
                  | wands. [Xom's mischief]
 16679 | Orc:2    | Gained mutation: You are dopey. (Int -2) [Xom's mischief]
 16719 | Orc:2    | XOM: destruction
 16721 | Orc:2    | XOM: cleaving
 16722 | Orc:2    | XOM: blink monster(s)
 16778 | Orc:2    | Found Oshriraa's Book Boutique.
 16778 | Orc:2    | Found Ytoar's Weapon Shoppe.
 16781 | Orc:2    | Found Kefaeh's Book Shoppe.
 16781 | Orc:2    | Found Naxut's Assorted Antiques.
 16791 | Orc:2    | Bought a scroll of identify for 44 gold pieces
 16820 | Orc:2    | XOM: summons 4 hostile shadow creatures
 16829 | Orc:2    | XOM: smoke on damage
 16934 | D:12     | XOM: 3-stop teleportation journey
 16944 | D:12     | XOM: 8-stop teleportation journey
 17376 | D:12     | XOM: give mutation
 17376 | D:12     | Gained mutation: You have a pair of small horns on your
                  | head. [Xom's mischief]
 17395 | D:12     | XOM: blink monster(s)
 17636 | D:12     | Noticed Maurice
 17641 | D:12     | Killed Maurice
 17811 | D:12     | XOM: silly message
 18256 | D:13     | You are sucked into a shaft and drop 1 floor!
 18256 | D:14     | XOM: stealth player
 18282 | D:14     | XOM: 2-stop teleportation journey
 18343 | D:14     | XOM: confusion
 18348 | D:14     | XOM: scenery: summon butterflies
 18471 | D:14     | XOM: 3-stop teleportation journey
 18484 | D:13     | XOM: give mutations
 18484 | D:13     | Gained mutation: You are resistant to electric shocks.
                  | (rElec) [Xom's grace]
 18484 | D:13     | Gained mutation: Your flesh is almost immune to the effects
                  | of heat. (rF+++) [Xom's grace]
 18529 | D:13     | XOM: noise
 18532 | D:13     | XOM: 1-stop teleportation journey
 18538 | D:13     | Found a runed translucent gate.
 18580 | D:13     | XOM: smoke on damage
 18619 | D:13     | Reached XP level 16. HP: 103/117 MP: 0/0
 18641 | D:13     | Reached skill level 1 in Shields
 19048 | D:13     | Found a gate to the Vaults.
 19083 | D:13     | Found a runed translucent gate.
 19120 | D:13     | Found a runed translucent gate.
 19124 | D:13     | Noticed Newt's ghost (journeyman MfGl)
 19560 | D:14     | Found a portal to a secret trove of treasure.
 19627 | D:14     | XOM: swap monsters
 19633 | D:14     | XOM: enchant monster (good)
 19832 | D:15     | Entered Level 15 of the Dungeon
 19833 | D:15     | XOM: noise
 19946 | D:15     | Found a staircase to the Depths.
 19946 | D:15     | Noticed a frost giant
 20022 | D:14     | Acquired a manual of Armour
 20164 | D:15     | XOM: potion effect (berserk rage)
 20421 | D:15     | XOM: noise
 20779 | D:15     | XOM: silly message
 20903 | Swamp:1  | Entered Level 1 of the Swamp
 20905 | Swamp:1  | XOM: confuse monster(s)
 20912 | Swamp:1  | Reached skill level 5 in Shields
 20937 | Swamp:1  | XOM is BORED!
 20937 | Swamp:1  | XOM: enchant monster (bad)
 20941 | Swamp:1  | XOM: confuse monster(s)
 21035 | Swamp:1  | XOM: cast spell 'Summon Mana Viper'
 21258 | Swamp:1  | Identified the scarf "Vabul" {repulsion, Str+2 Int+5}
 21262 | Swamp:1  | Found a runed translucent door.
 21268 | Swamp:1  | Noticed mooti9's ghost (adept VSBr)
 21269 | Swamp:1  | Identified the +9 trident "Dikisec" {drain, rCorr Str+3}
 21380 | Swamp:1  | XOM: god gift: scroll of blinking
 21538 | Swamp:1  | XOM: divination: magic mapping
 21668 | Swamp:2  | HP: 4/118 [alligator (24)]
 21747 | Swamp:2  | XOM: repel stairs
 21811 | Swamp:2  | XOM: summons 8 friendly demons
 21886 | Swamp:2  | XOM: enchant monster (good)
 21891 | Swamp:2  | XOM: blink monster(s)
 21892 | Swamp:2  | HP: 5/118 [spriggan rider/+0 spear (18)]
 21940 | Swamp:2  | Noticed a thorn hunter
 21947 | Swamp:2  | XOM: cleaving
 21953 | Swamp:2  | Mangled by an alligator

Illustrated notes

Levels and vault maps discovered:
D:1:      lemuel_arrival_cross, layout_basic
D:2:      layout_loops_cross, minmay_lizard_pond
D:3:      layout_loops_corners, marbit_many_paths,
          hellmonk_ecumenical_altar_crossroads, skrybe_limestone_x,
          minmay_hedge_maze, minmay_ogre_servants
D:4:      layout_cave_pools, mainiacjoe_overflow_chevrons,
          minmay_misc_feat_columns, minmay_manual_macuahuitl, uniq_robin,
          uniq_natasha, uniq_crazy_yiuf_cottage, uniq_edmund
D:5:      layout_rooms
D:6:      layout_loops_ring, minmay_temple_entry_butterflies
D:7:      wad_pebble_path, layout_rooms, grunt_temple_overflow_open,
          minmay_tree_intersection, reono_crystal_passage
D:8:      layout_loops_ring, serial_shops, nicolae_shop_trees, minmay_bent,
          uniq_erica
D:9:      layout_gridville, general_overflow_altar, grunt_ministairs_5,
          grunt_tough_drop
D:10:     layout_irregular_city, grunt_temple_overflow_lords_of_destruction,
          small_chamber_with_monster
D:11:     layout_grid_maze, dpeg_oklobed_lair, minmay_orc_entry_temple_small,
          gammafunk_ghost_ooze, serial_co_window_serial, co_window_paths_a,
          co_window_paths_b, co_window_paths_a, co_window_corner_a,
          co_window_paths_a, co_window_corner_a, co_window_paths_b,
          co_window_paths_c, co_window_2corner, co_window_corner_ca,
          co_window_sun, glass_columns_c, glass_columns_a,
          nicolae_qazlal_general_emergency
D:12:     minmay_bubble_buster, layout_stronghold,
          serial_library_hellmonk_long_bookcase, uniq_maurice
D:13:     layout_roguey, david_vaults_2, gammafunk_ghost_necromancy,
          minmay_misc_feat_more_columns, minmay_crystal_water,
          kennysheep_generic_room_13
D:14:     layout_rooms, nicolae_trove_entry_path_of_doom
D:15:     grunt_enter_depths_snipers, layout_long_grid, serial_glass,
          glass_columns_a, glass_columns_c, glass_columns_a, glass_columns_a,
          glass_columns_b, glass_columns_c, minivault_25_ag
Lair:1:   layout_cave_pods, lemuel_fruit_fields
Lair:2:   regret_index_wax_grids, layout_misc_corridors,
          skrybe_swamp_entry_bodies, nicolae_snake_entry_warm_welcome,
          beast_lair_carwin_4
Lair:3:   layout_long_grid, basic_altar, infiniplex_staircase_pool,
          grunt_megastairs_2
Lair:4:   layout_cave_shapes, chequers_serial_rivers_room_a
Lair:5:   evilmike_catoblepas_cave, layout_hall_layers,
          nicolae_slime_entry_field_trip, grunt_megastairs_1
Swamp:1:  layout_falls_marsh, ebering_ghost_funeral_grove,
          evilmike_swamp_ruin_rubble_2
Swamp:2:  layout_basic_swamp, evilmike_swamp_ruin_house_4,
          infiniplex_staircase_pool_2, nicolae_swamp_tree_isthmus, uniq_roxanne
Orc:1:    layout_caves, uniq_jorgrun
Orc:2:    grunt_orc_tribal_feast, layout_caves, serial_shops, bzr_entry_gold,
          blackcustard_mines_bat_river, uniq_snorg

Skill      XL: |  1  2  3  4  5  6  7  8  9 10 11 12 13 14 15 16 |
---------------+-------------------------------------------------+-----
Spellcasting   | 1 2 3 4 5 7 8 9 10 11 12 | 12.3
Conjurations   | 1 2 3 4 5 7 8 9 10 11 12 | 12.3
Hexes          | 1 2 3 4 5 7 8 9 10 11 12 | 12.3
Summonings     | 1 2 3 4 5 7 8 9 10 11 12 | 12.3
Necromancy     | 1 2 3 4 5 7 8 9 10 11 12 | 12.3
Translocations | 1 2 3 4 5 7 8 9 10 11 12 | 12.3
Fire Magic     | 1 2 3 4 5 7 8 9 10 11 12 | 12.3
Ice Magic      | 1 2 3 4 5 7 8 9 10 11 12 | 12.3
Air Magic      | 1 2 3 4 5 7 8 9 10 11 12 | 12.3
Earth Magic    | 1 2 3 4 5 7 8 9 10 11 12 | 12.3
Alchemy        | 1 2 3 4 5 7 8 9 10 11 12 | 12.3
Long Blades    | 3 4 5 6 7 8 9 10 11 | 11.0
Armour         | 2 3 4 5 6 7 8 9 10 11 | 11.9
Dodging        | 3 4 5 6 7 8 9 10 11 12 | 12.7
Fighting       | 4 5 6 7 8 9 10 11 | 11.9
Evocations     | 3 5 6 8 9 |  9.0
Shields        | 7 |  7.4

Action                     |  1- 3 |  4- 6 |  7- 9 | 10-12 | 13-15 | 16-18 || total
---------------------------+-------+-------+-------+-------+-------+-------++-------
  Melee: Falchion          |    76 |   223 |   365 |   160 |       |       ||   824
         Punch             |     2 |     3 |     5 |     7 |     3 |       ||    20
         Double sword      |       |       |       |   220 |   594 |   293 ||  1107
         Headbutt          |       |       |       |       |    30 |    76 ||   106
   Cast: Mephitic Cloud    |       |       |    13 |     9 |     4 |     9 ||    35
         Jinxbite          |       |       |     1 |       |       |       ||     1
         Summon Lightning  |       |       |       |     1 |       |       ||     1
         Fireball          |       |       |       |       |     9 |     5 ||    14
         Starburst         |       |       |       |       |     1 |     2 ||     3
         Cause Fear        |       |       |       |       |       |     2 ||     2
    Use: Scroll            |       |       |     6 |     8 |     3 |    10 ||    27
         Potion            |       |       |       |       |     1 |     2 ||     3
   Stab: Sleeping          |       |     2 |     1 |       |     1 |       ||     4
         Invisible         |       |     6 |       |       |       |       ||     6
         Confused          |       |       |    16 |     6 |     4 |     1 ||    27
         Paralysed         |       |       |       |     3 |       |       ||     3
         Petrified         |       |       |       |     1 |     2 |     2 ||     5
         Distracted        |       |       |       |     1 |       |       ||     1
 Armour: Leather armour    |    56 |   129 |   278 |       |       |       ||   463
         Steam dragon scal |       |       |    14 |   159 |       |       ||   173
         Acid dragon scale |       |       |       |   111 |   475 |   259 ||   845
  Dodge: Dodged            |    79 |   198 |   336 |   310 |   569 |   254 ||  1746
         Repelled          |       |       |       |       |       |     1 ||     1
  Block: Buckler           |       |       |       |       |     2 |    90 ||    92

Table legend: (Time is in decaauts)
 A = Elapsed time spent in this place.
 B = Non-inter-level travel time spent in this place.
 C = Inter-level travel time spent in this place.
 D = Time resting spent in this place.
 E = Time spent auto-exploring this place.
 F = Levels seen in this place.
 G = Mean time per level.
                   A        B        C        D        E       F      G
               +--------+--------+--------+--------+--------+-----+--------+
         Total |  22109 |  21207 |    902 |   4435 |  12111 |  25 |  884.4 |
       Dungeon |  15747 |  15125 |    622 |   3731 |   8372 |  15 | 1049.8 |
          Lair |   4398 |   4204 |    194 |    456 |   2835 |   5 |  879.6 |
         Swamp |    924 |    883 |     41 |    186 |    356 |   2 |  462.0 |
  Orcish Mines |    935 |    890 |     45 |     62 |    467 |   2 |  467.5 |
        Bazaar |    103 |    103 |      0 |      0 |     81 |   1 |  103.0 |
               +--------+--------+--------+--------+--------+-----+--------+

Top non-repeatable levels by time:
     D:1: 3333 daAuts
    D:11: 1349 daAuts
  Lair:2: 1144 daAuts
  Lair:1: 1105 daAuts
     D:3: 1091 daAuts
    D:12: 1081 daAuts
    D:13: 1049 daAuts
     D:9: 993 daAuts
  Lair:5: 970 daAuts
    D:15: 917 daAuts
     D:8: 913 daAuts
     D:6: 861 daAuts
     D:2: 816 daAuts
    D:10: 804 daAuts
    D:14: 799 daAuts
